AoeStats
← caballolibre430

Arabia

508972268Analyzed
1v1 RM · 8d ago on Sep 24, 2026· 53m 15s· 2 players
Game mode
Random Map
Map size
Tiny (2 player)
Population
200
Speed
Normal
Resources
Standard
Victory
Conquest
Starting age
Dark Age
Ending age
Imperial Age
RankedLock teamsTeams togetherTeam positionsShared explorationLock speedFull tech treeHidden civsTurbo modeCheats
Victory
Defeat
🇲🇽 Burgundians · Mexico
580
+14
🇦🇷 Ethiopians · Argentina
534
-14
caballolibre430
9:13 Loom
11:26 Feudal Age
14:22 Double-Bit Axe
15:23 Horse Collar
20:15 Castle Age
18:27 Fletching
18:37 Padded Archer Armor
18:36 Gold Mining
21:41 Bow Saw
22:33 Heavy Plow
25:13 Wheelbarrow
26:27 Gold Shaft Mining
25:39 Crossbowman
27:31 Thumb Ring
27:36 Bodkin Arrow
27:57 Leather Archer Armor
29:51 Hand Cart
30:06 Elite Skirmisher
31:28 Stone Mining
32:16 Husbandry
37:19 Stone Shaft Mining
39:42 Imperial Age
39:58 Arbalester
40:43 Bracer
41:14 Ring Archer Armor
41:40 Elite Shotel Warrior
42:31 Cavalier
43:28 Forging
43:24 Scale Barding Armor
45:59 Chemistry
45:20 Ballistics
44:51 Heated Shot
49:50 Heavy Camel Rider
CAR FUHRK
3:17 Loom
11:31 Feudal Age
10:19 Double-Bit Axe
10:56 Horse Collar
16:26 Bow Saw
17:23 Heavy Plow
24:28 Castle Age
22:39 Stone Mining
22:40 Gold Mining
23:47 Scale Barding Armor
23:52 Forging
26:22 Cavalier
27:03 Husbandry
27:57 Gold Shaft Mining
28:01 Stone Shaft Mining
30:20 Iron Casting
30:06 Chain Barding Armor
31:36 Crop Rotation
32:14 Two-Man Saw
36:05 Wheelbarrow
35:52 Burgundian Vineyards
39:09 Imperial Age
40:33 Plate Barding Armor
40:59 Blast Furnace
40:16 Paladin
42:17 Chemistry
41:38 Ballistics
41:30 Fortified Wall
41:17 Murder Holes
45:39 Padded Archer Armor
45:30 Fletching
47:12 Leather Archer Armor
46:52 Bodkin Arrow
49:00 Elite Coustillier
Connection lost

Rejoining the realm…

Still unreachable

The connection could not be restored.

Session expired

The server has moved on; the page needs a fresh start.